 Dungeon Sprint DCSS version 0.16-a0-3325-g64f94fb (webtiles) character file.

260 BluebellGnoll the Basher (level 6, -3/63 HPs)
             Began as an Ogre Arcane Marksman on Dec 27, 2014.
             Was a Follower of Vehumet.
             Slain by an ogre
             ... wielding a +0 giant spiked club
              (28 damage)
             ... in the Dungeon (Sprint IX: "|||||||||||||||||||||||||||||").
             The game lasted 00:03:52 (461 turns).

BluebellGnoll the Basher (Ogre Arcane Marksman)      Turns: 461, Time: 00:03:52

Health: -3/63      AC:  4    Str: 17    XL:     6   Next: 17%
Magic:  8/8        EV: 12    Int: 17    God:    Vehumet [*.....]
Gold:   0          SH:  0    Dex:  9    Spells: 2 memorised, 4 levels left

rFire  . . .     SeeInvis .     (no weapon)
rCold  . . .     Clarity  .     a - +0 robe
rNeg   . . .     SustAb   .     (shield restricted)
rPois  .         Gourm    .     (helmet restricted)
rElec  .         Spirit   .     q - +0 cloak
rCorr  .         Warding  .     (gloves unavailable)
rMut   .         NoTele   +     (boots unavailable)
MR     .....                    (no amulet)
Stlth  +.........               r - +3 ring of intelligence
                                s - +2 ring of evasion

@: not resistant to hostile enchantments, very unstealthy
A: unfitting armour, tough skin 1
a: Renounce Religion


You were in the Dungeon.
You worshipped Vehumet.
Vehumet was aware of your devotion.
You were not hungry.

You visited 1 branch

Inventory:

Hand weapons
 p - a +2 dire flail of protection
Armour
 a - a +0 robe (worn)
 q - a +0 cloak (worn)
Magical staves
 o - an uncursed staff of energy
Jewellery
 r - a +3 ring of intelligence (right hand)
 s - a +2 ring of evasion (left hand)
Magical devices
 n - a wand of cold (5)
Scrolls
 j - 3 scrolls of remove curse
 k - 2 scrolls of blinking
 m - 2 scrolls of amnesia
Potions
 e - 5 potions of curing
 g - 3 potions of heal wounds
 h - a potion of invisibility
 i - 4 potions of magic
Books
 d - a book of Debilitation

   Spells                             Type                      Level
   a - Corona                         Hexes                        1
   b - Slow                           Hexes                        2
   c - Inner Flame                    Hexes/Fire                   3
   d - Enslavement                    Hexes                        4
   e - Cause Fear                     Hexes                        4
   f - Leda's Liquefaction            Hexes/Earth                  4
Comestibles
 f - a meat ration


   Skills:
 - Level 4.5 Fighting
 + Level 12.0 Maces & Flails
 - Level 8.1 Throwing
 - Level 1.7 Dodging
 - Level 1.2 Spellcasting
 - Level 2.1 Hexes


You had 4 spell levels left.
You knew the following spells:

 Your Spells              Type           Power        Failure   Level  Hunger
a - Corona                Hex            #......      12%         1    ##.....
b - Slow                  Hex            #.......     17%         2    ###....


Dungeon Overview and Level Annotations

Branches:
Dungeon (1/1)

Altars:
Cheibriados
Dithmenos
Elyvilon
Fedhas
Gozag
Kikubaaqudgha
Makhleb
Nemelex Xobeh
Okawaru
Qazlal
Ru
Sif Muna
Trog
Vehumet
Xom
Yredelemnul
Zin
The Shining One
Beogh
Jiyva
Lugonu


Innate Abilities, Weirdness & Mutations

You are too large for most types of armour.
You have tough skin (AC +1).


Message History

The ogre is almost dead.
You hit the ogre.
The ogre is almost dead.
The ogre barely misses you.
All of the chunks of flesh in your inventory have rotted away.
You hit the ogre but do no damage.
The ogre is almost dead.
The ogre barely misses you.
You completely miss the ogre.
The ogre is almost dead.
You hit the ogre but do no damage.
The ogre is almost dead.
The ogre barely misses you.
You hit the ogre but do no damage.
The ogre is almost dead.
The ogre misses you.
You hit the ogre but do no damage.
The ogre is almost dead.
The ogre hits you with a giant spiked club!!
You die... ▓▓▓▓▓▓▓▓▓▓▓▓▓▓▓▓▓▓▓▓▓▓▓▓▓ _______'...)[.[.@O..†.((+ ▓▓▓▓▓▓▓▓▓▓▓▓▓▓▓▓▓▓▓▓▓▓▓▓▓

You could see an ogre.

Vanquished Creatures
  A yellow wasp (D)
  A giant frog (D)
  A quasit (D)
  A jelly (D)
  An orc priest (D)
  An orc (D)
  A bat skeleton (D)
  2 goblins (D)
  2 bats (D)
  A quokka (D)
  3 rats (D)
15 creatures vanquished.

Notes
Turn   | Place    | Note
--------------------------------------------------------------
     0 | D        | BluebellGnoll, the Ogre Arcane Marksman, began the quest for the Orb.
     0 | D        | Reached XP level 1. HP: 19/19 MP: 2/2
    28 | D        | Reached skill level 3 in Fighting
    38 | D        | Reached skill level 4 in Fighting
   205 | D        | Noticed an orc priest
   205 | D        | Noticed a quasit
   209 | D        | Reached XP level 2. HP: 29/33 MP: 3/3
   221 | D        | Killed an orc priest
   221 | D        | Reached skill level 6 in Throwing
   221 | D        | Reached XP level 3. HP: 30/40 MP: 4/4
   232 | D        | Killed a quasit
   232 | D        | Reached skill level 8 in Throwing
   232 | D        | Reached XP level 4. HP: 20/49 MP: 6/6
   252 | D        | Found a glowing silver altar of Zin.
   252 | D        | Found a glowing golden altar of the Shining One.
   252 | D        | Found an ancient bone altar of Kikubaaqudgha.
   252 | D        | Found a basalt altar of Yredelemnul.
   252 | D        | Found a shimmering altar of Xom.
   252 | D        | Found a radiant altar of Vehumet.
   252 | D        | Found an iron altar of Okawaru.
   253 | D        | Found a burning altar of Makhleb.
   254 | D        | Found a deep blue altar of Sif Muna.
   255 | D        | Found a bloodstained altar of Trog.
   256 | D        | Found a sparkling altar of Nemelex Xobeh.
   257 | D        | Found a white marble altar of Elyvilon.
   258 | D        | Found a roughly hewn altar of Beogh.
   259 | D        | Found a viscous altar of Jiyva.
   260 | D        | Became a worshipper of Vehumet
   261 | D        | Found a corrupted altar of Lugonu.
   262 | D        | Found a blossoming altar of Fedhas.
   263 | D        | Found a snail-covered altar of Cheibriados.
   264 | D        | Found a shadowy altar of Dithmenos.
   265 | D        | Found a stormy altar of Qazlal.
   266 | D        | Found an opulent altar of Gozag.
   267 | D        | Found a sacrificial altar of Ru.
   305 | D        | Learned a level 2 spell: Slow
   437 | D        | Noticed a yellow wasp
   437 | D        | Noticed a giant frog
   437 | D        | Noticed a jelly
   437 | D        | Noticed an ogre
   438 | D        | Killed a jelly
   438 | D        | Reached skill level 5 in Maces & Flails
   439 | D        | Killed a yellow wasp
   439 | D        | Acquired Vehumet's first power
   439 | D        | Offered knowledge of Flame Tongue by Vehumet.
   439 | D        | Reached skill level 10 in Maces & Flails
   439 | D        | Reached XP level 5. HP: 51/55 MP: 7/7
   439 | D        | Killed a giant frog
   439 | D        | Reached skill level 12 in Maces & Flails
   439 | D        | Reached XP level 6. HP: 58/63 MP: 8/8
   461 | D        | Slain by an ogre

Action                   |  1- 3 |  4- 6 || total
-------------------------+-------+-------++-------
Melee: Unarmed           |    56 |    15 ||    71
Throw: Large rock        |     4 |     4 ||     8
       Throwing net      |     2 |     2 ||     4
 Cast: Corona            |     4 |       ||     4
       Slow              |       |     1 ||     1
Evoke: Wand              |       |     2 ||     2
  Use: Potion            |     2 |       ||     2
